Map: Goldenaura LE

Players

JmaC

  • Race: Zerg Zerg
  • League: Grandmaster
  • Spawn Location: 5:00

ReSpOnSe - Winner!

  • Race: Protoss Protoss
  • League: Master
  • Spawn Location: 12:00

VOD

Have the link to the VOD?

Description

Time

  • Played on: Aug. 12, 2024, 3:19 a.m.
  • Length: 13:41
Show
View Real Time Build Order
Export as new Build Order

JmaC Zerg 

Build Orders: Hatch First 

Get SALT Encoding   

  12  0:00  Drone  
  13  0:12  Overlord  
  13  0:17  Drone  
  14  0:30  Drone x2  
  16  0:48  Hatchery  
  15  0:52  Drone  
  15  0:55  Drone  
  17  0:59  Drone  
  18  1:10  Extractor  
  17  1:15  Spawning Pool  
  17  1:17  Drone  
  17  1:20  Drone  
  18  1:27  Drone  
  19  1:38  Drone  
  20  1:49  Overlord  
  20  2:01  Queen x2  
  20  2:02  Zergling x2  
  20  2:04  Drone  
  26  2:13  Drone x2  
  26  2:15  Metabolic Boost  
  28  2:30  Hatchery  
  27  2:37  Drone x2  
  27  2:38  Drone  
  27  2:42  Zergling x2  
  27  2:44  Overlord  
  31  2:46  Drone  
  32  2:53  Queen  
  32  2:56  Drone  
  35  2:59  Zergling x2  
  35  3:03  Overlord  
  36  3:08  Queen  
  38  3:14  Drone  
  38  3:15  Drone x2  
  40  3:32  Drone x5  
  43  3:41  Overlord  
  43  3:43  Drone  
  43  3:46  Queen  
  46  3:50  Overlord  
  46  3:56  Drone x3  
  46  3:57  Drone  
  49  4:05  Drone x3  
  52  4:10  Spore Crawler  
  52  4:12  Drone x4  
  55  4:21  Drone x5  
  55  4:24  Overlord  
  60  4:27  Overlord  
  60  4:30  Zergling x2  
  61  4:34  Roach Warren  
  61  4:35  Drone  
  61  4:36  Extractor  
  60  4:40  Drone x3  
  60  4:41  Drone x2  
  60  4:44  Queen  
  67  4:47  Drone x2  
  67  4:51  Drone x3  
  72  4:53  Drone  
  72  4:57  Overlord  
  73  5:01  Zergling x6  
  73  5:04  Zergling x4  
  77  5:07  Extractor  
  77  5:10  Zergling x4  
  76  5:18  Hatchery  
  69  5:22  Zergling x14  
  67  5:42  Drone  
  67  5:43  Drone x4  
  67  5:48  Drone  
  71  5:55  Lair  
  71  5:56  Drone  
  72  5:57  Drone  
  72  6:03  Drone  
  72  6:04  Drone x4  
  77  6:12  Drone  
  77  6:13  Pneumatized Carapace  
  77  6:14  Roach x2  
  77  6:15  Roach  
  84  6:21  Roach x2  
  84  6:22  Overlord  
  84  6:24  Overlord  
  88  6:32  Roach x3  
  94  6:39  Overlord x3  
  94  6:42  Roach x2  
  94  6:43  Roach  
  100  6:51  Roach x4  
  108  6:58  Zergling x8  
  108  6:59  Zergling x2  
  108  7:00  Zergling x2  
  114  7:04  Roach x2  
  118  7:10  Spore Crawler  
  118  7:15  Roach x4  
  125  7:22  Extractor  
  124  7:24  Drone x3, Extractor  
  124  7:25  Queen  
  124  7:28  Zergling x10  
  133  7:40  Overlord x2  
  133  7:42  Spire  
  120  8:01  Drone x2  
  120  8:05  Drone x3  
  125  8:06  Extractor  
  125  8:11  Hatchery  
  117  8:21  Drone x2  
  117  8:22  Drone x2  
  117  8:24  Drone  
  117  8:25  Drone x3  
  90  8:54  Corruptor x10  
  110  8:58  Zergling x2  
  110  9:00  Corruptor  
  113  9:09  Zergling x4  
  115  9:13  Corruptor x2  
  115  9:15  Zergling x2  
  115  9:16  Zergling x4  
  120  9:23  Zergling x6  
  107  9:33  Corruptor x3  
  107  9:36  Roach x2  
  114  9:43  Queen, Roach x2  
  114  9:44  Queen x2  
  117  9:46  Glial Reconstitution  
  117  9:48  Zergling x4  
  117  9:52  Corruptor, Roach  
  120  9:59  Corruptor  
  124  10:02  Drone x2  
  124  10:04  Corruptor  
  128  10:08  Zergling x4  
  128  10:12  Overseer  
  128  10:13  Roach  
  132  10:17  Roach x2  
  132  10:19  Roach  
  138  10:25  Roach x2  
  142  10:30  Drone x2  
  142  10:31  Infestation Pit  
  143  10:40  Overlord x3  
  143  10:48  Roach x3  
  142  10:58  Corruptor x5  
  142  11:01  Roach x2  
  143  11:12  Corruptor x2  
  143  11:15  Roach  
  143  11:16  Roach  
  146  11:19  Roach x2  
  146  11:21  Zergling x8  
  146  11:24  Queen  
  155  11:27  Corruptor  
  155  11:29  Roach  
  155  11:30  Roach x2  
  163  11:33  Roach  
  163  11:35  Ravager  
  163  11:38  Zergling x2  
  167  11:40  Overlord x2  
  167  11:51  Overlord x2  
  167  11:59  Roach x8  
  183  12:09  Roach  
  183  12:10  Roach x5  
  170  12:27  Roach x10  
  170  12:29  Roach  
  162  12:37  Roach x7  
  176  12:41  Roach  
  178  12:50  Corruptor x4  
  160  12:56  Zergling x4  
  160  12:58  Corruptor  
  156  13:04  Corruptor  
  152  13:09  Roach x3  
  150  13:16  Zergling x14  
Show
View Real Time Build Order
Export as new Build Order

ReSpOnSe Protoss - Winner!

Build Orders: 1 Gate Expand, Carriers 

Get SALT Encoding   

  12  0:00  Probe  
  13  0:12  Probe  
  14  0:19  Pylon  
  14  0:24  Probe  
  15  0:37  Probe (Chrono Boost)  
  15  0:39  Gateway  
  16  0:46  Probe (Chrono Boost)  
  16  0:47  Assimilator  
  17  0:51  Probe  
  18  1:03  Probe  
  19  1:16  Probe  
  20  1:25  Nexus  
  20  1:34  Cybernetics Core  
  20  1:37  Probe  
  21  1:46  Assimilator  
  21  1:49  Probe  
  21  1:52  Pylon  
  22  2:01  Probe  
  23  2:08  Adept (Chrono Boost)  
  23  2:13  Probe  
  26  2:22  Stargate  
  26  2:25  Probe  
  26  2:28  Adept (Chrono Boost)  
  27  2:36  Warp Gate  
  29  2:38  Probe (Chrono Boost)  
  29  2:44  Probe (Chrono Boost)  
  31  2:47  Probe (Chrono Boost)  
  33  2:51  Probe (Chrono Boost)  
  33  2:52  Probe (Chrono Boost)  
  33  2:53  Adept  
  36  3:02  Probe  
  37  3:10  Probe  
  37  3:11  Void Ray (Chrono Boost)  
  42  3:14  Probe  
  43  3:23  Probe  
  42  3:37  Probe x2  
  42  3:39  Adept  
  44  3:48  Nexus  
  44  3:49  Pylon  
  44  3:53  Gateway  
  44  3:56  Pylon  
  44  4:01  Probe x2  
  46  4:07  Oracle  
  46  4:08  Assimilator x2  
  49  4:13  Probe  
  49  4:16  Probe  
  51  4:21  Fleet Beacon  
  51  4:25  Probe  
  51  4:28  Shield Battery  
  51  4:31  Probe  
  53  4:33  Adept  
  53  4:37  Probe  
  56  4:43  Probe  
  57  4:49  Adept, Probe  
  60  4:56  Adept  
  62  5:00  Probe  
  62  5:01  Probe  
  62  5:02  Pylon, Stargate  
  62  5:04  Probe  
  65  5:12  Probe  
  65  5:13  Probe  
  59  5:32  Probe  
  59  5:33  Probe x2  
  62  5:37  Carrier (Chrono Boost)  
  68  5:43  Forge  
  68  5:45  Probe x2  
  68  5:46  Carrier (Chrono Boost)  
  68  5:48  Gateway  
  68  5:53  Probe  
  68  5:55  Adept  
  68  5:57  Adept, Probe x2  
  78  5:59  Shield Battery  
  78  6:01  Forge  
  79  6:06  Probe  
  79  6:09  Assimilator, Probe x2  
  82  6:11  Assimilator  
  82  6:14  Protoss Air Weapons Level 1  
  82  6:18  Protoss Ground Weapons Level 1, Pylon, Probe  
  82  6:21  Probe  
  82  6:23  Pylon  
  82  6:25  Pylon  
  84  6:26  Probe  
  84  6:32  Carrier (Chrono Boost)  
  85  6:36  Probe x2  
  85  6:39  Carrier (Chrono Boost)  
  93  6:41  Probe  
  100  6:48  Twilight Council  
  100  6:50  Probe  
  101  6:55  Zealot  
  101  6:59  Pylon  
  101  7:00  Protoss Ground Armor Level 1  
  103  7:10  Nexus  
  103  7:14  Pylon  
  103  7:15  Probe x3  
  106  7:19  Shield Battery  
  106  7:24  Templar Archives  
  106  7:25  Gateway  
  106  7:26  Gateway  
  106  7:32  Robotics Facility  
  106  7:43  Zealot  
  106  7:44  Zealot  
  104  7:54  Shield Battery  
  104  7:56  Shield Battery  
  104  7:58  Shield Battery  
  101  8:00  Photon Cannon  
  101  8:01  Photon Cannon  
  93  8:09  Probe x2  
  93  8:10  Probe  
  78  8:20  Sentry x2, Stalker  
  78  8:21  Stalker  
  78  8:24  Pylon, Carrier (Chrono Boost)  
  92  8:30  Carrier (Chrono Boost)  
  92  8:34  Pylon  
  93  8:35  Pylon  
  93  8:37  Pylon  
  92  8:55  Nexus  
  91  9:05  Probe x2  
  93  9:13  Protoss Air Weapons Level 2  
  93  9:17  Probe  
  80  9:38  High Templar x3  
  80  9:39  High Templar  
  80  9:41  Pylon  
  80  9:44  Archon x2  
  88  9:49  Probe x2  
  88  9:51  Void Ray  
  88  9:52  Void Ray  
  98  9:59  Shield Battery  
  98  10:01  Probe x2  
  98  10:02  Photon Cannon  
  100  10:07  Probe  
  100  10:11  Assimilator  
  100  10:13  Assimilator, Probe x2  
  103  10:19  Probe  
  104  10:22  High Templar  
  104  10:23  High Templar, Zealot x2  
  104  10:25  Probe  
  104  10:27  Archon  
  113  10:42  Nexus  
  121  11:05  Zealot x2  
  121  11:06  Zealot  
  121  11:08  Void Ray x2  
  127  11:19  Charge  
  127  11:22  Probe x2  
  127  11:23  Pylon  
  127  11:25  Pylon  
  129  11:26  Gateway  
  129  11:27  Gateway  
  129  11:29  Gateway  
  129  11:31  Gateway  
  129  11:48  Shield Battery  
  129  11:49  High Templar x4, Photon Cannon  
  129  11:52  Assimilator  
  129  11:54  Gateway  
  137  11:56  Archon, Assimilator  
  137  11:57  Archon  
  137  11:59  Pylon, Robotics Facility  
  130  12:29  High Templar  
  121  12:30  High Templar x4  
  121  12:32  High Templar  
  121  12:36  Archon x2  
  123  12:37  Archon  
  123  12:38  Zealot  
  123  12:39  Zealot  
  115  12:55  High Templar x2  
  115  12:57  Warp Prism  
  121  12:59  Gateway  
  121  13:01  High Templar x2  
  121  13:02  Zealot, Gateway  
  121  13:03  Zealot x4  
  121  13:04  Archon  
  133  13:08  Archon  
  123  13:24  Zealot  
  123  13:25  Zealot x5  
  133  13:31  High Templar  
  133  13:32  High Templar  
  127  13:37  Archon  
Tags
 
Add a new tag
Caveats
  • Supply blocks, unpowered buildings, or Contaminate may cause inaccurate times.
  • Supply counts are checked every 10 seconds.